 Dungeon Crawl Stone Soup version 0.24.0-125-gc4c63601f3 (webtiles) character file.

Game seed: 15015225759728609455, levelgen mode: deterministic

623532 Mesmaeker13 the Markscentaur (level 27, -4/279 HPs)
             Began as a Centaur Hunter on Mar 4, 2020.
             Was a High Priest of Okawaru.
             Slain by a shadow dragon (5 damage)
             ... on level 1 of the Realm of Zot on Mar 5, 2020.
             The game lasted 04:00:38 (96139 turns).

Mesmaeker13 the Markscentaur (Centaur Hunter)      Turns: 96139, Time: 04:00:38

Health: -4/279     AC: 44    Str: 22    XL:     27
Magic:  27/29      EV: 18    Int: 13    God:    Okawaru [*****.]
Gold:   4823       SH:  0    Dex: 16    Spells: 23/33 levels left

rFire    + + .     SeeInvis .   b - +9 triple sword (slice)
rCold    + + +     Gourm    .   (shield currently unavailable)
rNeg     + . .     Faith    .   r - +8 fire dragon scales
rPois    +         Spirit   .   Y - +2 hat {MR+}
rElec    +         Reflect  .   F - scarf {repulsion}
rCorr    +         Harm     .   l - +2 pair of gloves of Okawaru's Castigation {rC++ rCorr}
MR       ++++.                  X - +10 Black Knight's horse barding {ponderous, rPois rN+}
Stlth    ..........             h - amulet of Vitality {Regen+ HP+15}
HPRegen  0.96/turn              E - ring "Meithris" {Wiz rC++ Int+3}
MPRegen  0.21/turn              u - ring of a Thousand Queens {MR+ EV+4}

@: about to teleport, finesse, repel missiles, quick
A: large, hooves 3, blurry vision 1, deformed body, speed 2, low mp 1, robust 1,
shaggy fur 1, electricity resistance, tough skin 3, no potion heal 1
}: 3/15 runes: decaying, serpentine, slimy
a: Heroism, Finesse, Renounce Religion


You were on level 1 of the Realm of Zot.
You worshipped Okawaru.
Okawaru was extremely pleased with you.
You were not hungry.

You visited 10 branches of the dungeon, and saw 49 of its levels.
You visited 1 bazaar.
You also visited: Trove, Sewer, Gauntlet, Ice Cave and Desolation.

You collected 7431 gold pieces.
You spent 2608 gold pieces at shops.

Inventory:

Hand Weapons
 b - a +9 triple sword of slicing (weapon)
 G - a +8 longbow of flaming
 U - a +9 longbow of freezing
Missiles
 d - 974 arrows
 Q - a throwing net (quivered)
Armour
 l - the +2 pair of gloves of Okawaru's Castigation (worn) {rC++ rCorr}
   (Okawaru gifted it to you on level 3 of the Pits of Slime)

   It greatly protects you from cold.
   It provides partial protection from all sources of acid and corrosion.
 r - +8 fire dragon scales (worn)
 x - the +3 leather armour of the Maze {rF+ rC+ Slay+3}
   (You took it off an entropy weaver on level 5 of the Lair of Beasts)

   It affects your accuracy and damage with ranged weapons and melee attacks
   (+3).
   It protects you from fire.
   It protects you from cold.
 F - a scarf of repulsion (worn)
 X - the +10 Black Knight's horse barding (worn) {ponderous, rPois rN+}
   (You found it in a treasure trove)

   It protects you from poison.
   It protects you from negative energy.
 Y - a +2 hat of magic resistance (worn)
Jewellery
 h - the amulet of Vitality (around neck) {Regen+ HP+15}
   (You took it off a deep elf master archer on level 3 of the Elven Halls)

   [amulet of regeneration]

   It affects your health (+15).
   It increases your rate of regeneration.
 u - the ring of a Thousand Queens (right hand) {MR+ EV+4}
   (You found it on level 1 of the Swamp)

   [ring of evasion]

   It affects your evasion (+4).
   It affects your resistance to hostile enchantments.
 E - the ring "Meithris" (left hand) {Wiz rC++ Int+3}
   (You found it in the Desolation of Salt)

   [ring of wizardry]

   It improves your spell success rate.
   It affects your intelligence (+3).
   It greatly protects you from cold.
 I - the ring "Kuhud" {rPois SInv}
   (You took it off a deep elf demonologist on level 3 of the Elven Halls)

   [ring of see invisible]

   It protects you from poison.
   It lets you see invisible.
Wands
 o - a wand of acid (26)
 A - a wand of iceblast (5)
 K - a wand of digging (16)
 P - a wand of disintegration (1)
 R - a wand of scattershot (1)
 T - a wand of paralysis (9)
Scrolls
 a - a scroll of noise
 i - 3 scrolls of magic mapping
 m - 3 scrolls of enchant armour
 n - 15 scrolls of teleportation
 q - 17 scrolls of remove curse
 s - 4 scrolls of blinking
 y - a scroll of brand weapon
 H - a scroll of holy word
 L - 4 scrolls of fog
 M - a scroll of fear
Potions
 c - 4 potions of resistance
 e - 13 potions of curing
 g - 6 potions of might
 k - 5 potions of haste
 t - 2 potions of berserk rage
 w - 5 potions of heal wounds
 z - 3 potions of ambrosia
 B - 3 potions of agility
 C - 2 potions of flight
 D - 4 potions of magic
 N - a potion of brilliance
Miscellaneous
 j - a lamp of fire (inert)
Comestibles
 f - 26 rations


   Skills:
 - Level 18.4 Fighting
 - Level 20.0 Long Blades
   Level 5.1 Maces & Flails
 - Level 20.0 Bows
 - Level 16.3 Armour
 - Level 13.0 Dodging
 - Level 0.4 Stealth
 - Level 3.6 Spellcasting
 + Level 2.0 Hexes
 - Level 5.0 Charms
 - Level 8.5 Necromancy
 + Level 2.0 Translocations
 - Level 13.2 Invocations
 - Level 11.2 Evocations


You had 23 spell levels left.
You knew the following spells:

 Your Spells              Type           Power        Failure   Level  Hunger
a - Animate Dead          Necr           N/A          6%          4    #####..
b - Regeneration          Chrm/Necr      ###.......   3%          3    ###....
c - Portal Projectile     Hex/Tloc       #.....       26%         3    ###....

Your spell library contained the following spells:

 Spells                   Type           Power        Failure   Level  Hunger
 Animate Skeleton         Necr           N/A          1%          1    #......
 Pain                     Necr           ###.         1%          1    #......
 Corpse Rot               Necr           N/A          1%          2    ##.....
 Vampiric Draining        Necr           ###.......   1%          3    ###....
 Infusion                 Chrm           ###.         2%          1    #......
 Song of Slaying          Chrm           ###.....     4%          2    ##.....
 Shroud of Golubria       Chrm/Tloc      ##....       7%          2    ##.....
 Apportation              Tloc           #.....       9%          1    #......
 Confusing Touch          Hex            #.....       9%          1    #......
 Corona                   Hex            #......      9%          1    #......
 Blink                    Tloc           N/A          13%         2    ##.....
 Slow                     Hex            #.......     13%         2    ##.....
 Spectral Weapon          Hex/Chrm       ##......     14%         3    ###....
 Beastly Appendage        Tmut           #.....       19%         1    #......
 Freeze                   Ice            #...         19%         1    #......
 Magic Dart               Conj           #...         19%         1    #......
 Sandblast                Erth           #.....       19%         1    #......
 Summon Butterflies       Summ           #.......     19%         1    #......
 Summon Small Mammal      Summ           #...         19%         1    #......
 Ozocubu's Armour         Chrm/Ice       #.......     21%         3    ###....
 Confuse                  Hex            #.......     26%         3    ###....
 Gell's Gravitas          Tloc           #.........   26%         3    ###....
 Call Imp                 Summ           #.......     28%         2    ##.....
 Passwall                 Tmut/Erth      #.......     28%         2    ##.....
 Poisonous Vapours        Pois/Air       #.....       28%         2    ##.....
 Searing Ray              Conj           #.....       28%         2    ##.....
 Sticks to Snakes         Tmut           #.......     28%         2    ##.....
 Throw Frost              Conj/Ice       #.....       28%         2    ##.....
 Excruciating Wounds      Chrm/Necr      ###.......   32%         5    ######.
 Dazzling Spray           Conj/Hex       #.....       34%         3    ###....
 Inner Flame              Hex/Fire       #.......     34%         3    ###....
 Recall                   Summ/Tloc      N/A          34%         3    ###....
 Call Canine Familiar     Summ           #.......     47%         3    ###....
 Conjure Flame            Conj/Fire      #.......     47%         3    ###....
 Ignite Poison            Fire/Tmut/Pois #.......     47%         3    ###....
 Mephitic Cloud           Conj/Pois/Air  #.......     47%         3    ###....
 Spider Form              Tmut/Pois      #.........   47%         3    ###....
 Stone Arrow              Conj/Erth      #.....       47%         3    ###....
 Cause Fear               Hex            #.........   61%         4    #####..
 Force Lance              Conj/Tloc      #.......     75%         4    #####..
 Fulminant Prism          Conj/Hex       #.........   75%         4    #####..
 Leda's Liquefaction      Hex/Erth       #.........   75%         4    #####..
 Ice Form                 Ice/Tmut       #.......     86%         4    #####..
 Iskenderun's Mystic Bla  Conj           #.......     86%         4    #####..
 Petrify                  Tmut/Erth      #.......     86%         4    #####..
 Summon Ice Beast         Ice/Summ       #.......     86%         4    #####..
 Summon Lightning Spire   Summ/Air       #.......     86%         4    #####..
 Throw Icicle             Conj/Ice       #.......     86%         4    #####..
 Metabolic Englaciation   Hex/Ice        #.........   96%         5    ######.
 Summon Forest            Summ/Tloc      #.........   96%         5    ######.
 Summon Mana Viper        Hex/Summ       #.......     96%         5    ######.
 Yara's Violent Unravell  Hex/Tmut       #.........   96%         5    ######.
 Aura of Abjuration       Summ           #.........   99%         5    ######.
 Blade Hands              Tmut           #.........   99%         5    ######.
 Bolt of Magma            Conj/Fire/Erth #.........   99%         5    ######.
 Fireball                 Conj/Fire      #.........   99%         5    ######.
 Lee's Rapid Deconstruct  Erth           #.........   99%         5    ######.
 Simulacrum               Ice/Necr       ##........   99%         6    #######
 Bolt of Cold             Conj/Ice       #.........   100%        6    #######
 Bolt of Fire             Conj/Fire      #.........   100%        6    #######
 Darkness                 Hex            #.........   100%        6    #######
 Freezing Cloud           Conj/Ice/Air   #.........   100%        6    #######
 Hydra Form               Tmut           #.........   100%        6    #######
 Iron Shot                Conj/Erth      #.........   100%        6    #######
 Ozocubu's Refrigeration  Ice            #.........   100%        6    #######
 Poison Arrow             Conj/Pois      #.........   100%        6    #######
 Statue Form              Tmut/Erth      #........    100%        6    #######
 Ring of Flames           Chrm/Fire      #.........   100%        7    #######
 Spellforged Servitor     Conj/Summ      #.........   100%        7    #######
 Summon Hydra             Summ           #.........   100%        7    #######
 Chain Lightning          Conj/Air       #.........   100%        8    #######
 Ignition                 Fire           #.........   100%        8    #######
 Lehudib's Crystal Spear  Conj/Erth      #.........   100%        8    #######
 Dragon's Call            Summ           #.........   100%        9    #######
 Fire Storm               Conj/Fire      #.........   100%        9    #######
 Glaciate                 Conj/Ice       #.........   100%        9    #######
 Shatter                  Erth           #.........   100%        9    #######


Dungeon Overview and Level Annotations

Branches:
Dungeon (15/15)            Temple (0/1) D:7            Lair (6/6) D:11
  Swamp (4/4) Lair:4        Snake (4/4) Lair:3        Slime (5/5) Lair:6
    Orc (2/2) D:11            Elf (3/3) Orc:2        Vaults (4/5) D:13
  Crypt (0/3) Vaults:3     Depths (5/5) D:15            Zot (1/5) Depths:5
  Sewer (visited)           IceCv (visited)         Desolation (visited)
Gauntlet (visited)

Altars:
Ashenzari
Cheibriados
Dithmenos
Elyvilon
Fedhas
Gozag
Hepliaklqana
Kikubaaqudgha
Nemelex Xobeh
Okawaru
Qazlal
Trog
Vehumet
Wu Jian
Yredelemnul
The Shining One
Beogh
Jiyva

Shops:
D:10 ?   D:11 :   Orc:2 *[[=(   Elf:3 [   Snake:4 (![*   Vaults:1 !
Vaults:4 ?   Depths:1 *

Portals:
Hell: Depths:1 Depths:2 Depths:3 Depths:4 Depths:5
Abyss: Depths:1 Depths:4
Pandemonium: Depths:1 Depths:3 Depths:5
Ziggurat: Depths:2

Annotations:
D:12 2 transporters, Neel Ube's ghost, journeyman FoFi
Lair:2 1 runed translucent door, Ereth's ghost, journeyman HOFi
Swamp:4 2 exclusions
Elf:2 2 runed translucent doors
Depths:3 1 runed translucent door
Zot:1 Tiamat


Innate Abilities, Weirdness & Mutations

You have hooves in place of feet.
Armour fits poorly on your strangely shaped body.
You cover ground very quickly.
You have extremely tough skin. (AC +3)
Scrolls take you a little longer to read.
Your magical capacity is low. (-10% MP)
You are robust. (+10% HP)
You are covered in fur. (AC +1)
You are resistant to electric shocks. (rElec)
Potions are less effective at restoring your health.


Message History

Okawaru accepts your kill.
Your Hexes skill increases to level 2!
Your Translocations skill increases to level 2!
Unknown command.
Your system partially rejects the healing.
You feel much better.
The white draconian is engulfed in dark miasma.
The white draconian is poisoned.
The moth of wrath angrily waves its antennae.
Something hits you but does no damage.
The red draconian hits you but does no damage.
The wandering mushroom releases spores at you but does no damage.
The wandering mushroom releases spores at you!
* * * LOW HITPOINT WARNING * * *
You are engulfed in a cloud of spores!
The shadow dragon bites you!
* * * LOW HITPOINT WARNING * * *
The shadow dragon claws you!
* * * LOW HITPOINT WARNING * * *
The shadow dragon claws you.
You die...

#### ####...##
....... .##
.......#^.#
....(....f#f##
.......fyDfff#
..?..#.DddD@{#
(.#...yy#fDDd#
....>≈DXXDddd#
...⌠≈≈dXyXdDf#
.#.≈≈8≈dd#.dz#
...>≈≈dddzd°d#
....⌠≈d......#
..#.....#....#
.....#...°..|#


You could see Tiamat, 2 shadow dragons, 4 tentacled monstrosities, a golden
dragon (berserk), 2 storm dragons, 5 draconians, a yellow draconian, 2
draconians, 2 draconians, 4 draconians, 2 draconians, 2 curse toes, 3
quicksilver dragons, 3 deathcaps, 4 moths of wrath and 5 wandering mushrooms.

Vanquished Creatures
  the Royal Jelly (Slime:5)
  2 juggernauts
  Sojobo (Vaults:2)
  Vashnia (Snake:4)
  2 golden dragons
  A caustic shrike (Depths:5)
  Nikola (Elf:1)
  A bone dragon (Depths:5)
  4 tentacled monstrosities
  Rupert (D:15)
  6 liches
  A quicksilver dragon (Depths:5)
  Asterion (Snake:3)
  2 deep elf master archers (Elf:3)
  2 deep elf blademasters (Elf:3)
  7 sphinxes
  48 acid blobs
  2 death cobs (Depths:5)
  A titan (Depths:3)
  Gastronok (Lair:1)
  Frances (D:12)
  A storm dragon (Depths:5)
  A thorn hunter (Swamp:3)
  Kirke (Swamp:3)
  Roxanne (D:15)
  3 shadow dragons
  6 nagarajas
  Donald (Elf:2)
  2 tengu reavers
  2 draconian knights (Vaults:2)
  The ghost of Minnurau the Transmogrifier, an adept VSEE of Cheibriados (Snake:1)
  6 deep elf sorcerers
  An orc warlord (Orc:2)
  11 frost giants
  An emperor scorpion (shapeshifter) (Depths:3)
  6 fire giants
  6 vault wardens
  2 imperial myrmidons (Desolation)
  40 azure jellies
  2 draconian scorchers (Depths:5)
  A war gargoyle (Vaults:4)
  3 entropy weavers (Lair:5)
  5 deep elf elementalists
  4 ironheart preservers
  4 spriggan defenders
  7 very ugly things
  3 vampire knights
  8 deep elf annihilators
  3 green draconians (Depths:5)
  14 stone giants
  2 black draconians (Depths:5)
  4 deep elf demonologists
  A purple draconian (Depths:5)
  A white draconian (Depths:5)
  3 spark wasps
  A red draconian (Zot:1)
  8 deep elf death magi
  A halazid warlock (Desolation)
  A yellow draconian (Depths:5)
  A minotaur (Gauntlet)
  3 eidola (Depths:2)
  17 fire dragons
  12 ettins
  25 death oozes
  3 crystal guardians (Desolation)
  17 yaktaur captains
  8 great orbs of eyes
  8 ragged hierophants
  Erolcha (Orc:2)
  7 ice dragons
  15 naga warriors
  2 rakshasas (Vaults:3)
  5 deep elf high priests (Elf:3)
  Josephine (D:15)
  31 hydras
  13 servants of whispers
  7 peacekeepers (Desolation)
  The ghost of Esekla the Slicer, a journeyman DEAK of Lugonu (Orc:2)
  14 vault guards
  A spriggan air mage (Depths:5)
  12 alligators
  9 anacondas
  3 ghost crabs
  9 centaur warriors
  33 two-headed ogres
  8 ogre magi
  9 naga sharpshooters
  3 death knights
  15 deep troll shamans
  A vampire mage (Depths:2)
  14 deep troll earth magi
  28 dancing weapons
  A queen ant (Gauntlet)
  4 tengu warriors
  4 death yaks
  4 hell knights (Depths:1)
  2 orc high priests
  7 shock serpents
  6 spriggan berserkers
  16 deep elf knights
  4 iron trolls
  Nergalle (D:11)
  2 salamander mystics
  2 shadow wraiths
  4 skeletal warriors
  5 fire crabs
  4 unseen horrors
  38 deep trolls
  An unseen horror (shapeshifter) (Depths:4)
  7 sea snakes (Snake:2)
  4 wizards
  5 glowing orange brains
  A phantasmal warrior (Depths:2)
  2 spectral hydras (Depths:2)
  An infernal demonspawn (Depths:3)
  4 flayed ghosts
  7 naga ritualists
  11 swamp dragons
  15 orc knights
  3 necromancers
  14 ironbrand convokers
  14 deep elf archers
  A wolf spider zombie (D:15)
  9 harpies
  2 orange crystal statues (Depths:2)
  37 ugly things
  2 wolf spiders (Vaults:3)
  10 shining eyes
  19 mana vipers
  55 deep elf magi
  2 fire giant zombies (Depths:1)
  6 orc sorcerers
  A manticore (shapeshifter) (Depths:2)
  A salamander (shapeshifter) (D:13)
  8 manticores
  2 oklob plants (Lair:6)
  7 cyclopes
  A moth of wrath (Gauntlet)
  A cyclops (shapeshifter) (D:14)
  10 elephants
  9 salamanders
  20 naga magi
  An ice statue (IceCv)
  12 vault sentinels
  14 guardian serpents
  Maurice (Orc:2)
  42 black mambas
  5 eyes of devastation
  2 molten gargoyles (Desolation)
  2 hellions
  An apocalypse crab (Lair:5)
  2 gargoyles
  16 spiny frogs
  2 human zombies (Vaults:3)
  20 freezing wraiths
  58 yaktaurs
  3 rime drakes
  A hellwing (Depths:3)
  A kobold demonologist (D:10)
  5 komodo dragons
  An ice devil (Depths:3)
  3 red devils
  3 tengu conjurers
  2 human skeletons (Vaults:3)
  11 hornets
  A meliai (shapeshifter) (Vaults:3)
  9 trolls
  A hornet (shapeshifter) (Vaults:4)
  7 polar bears
  A raiju (Depths:2)
  8 tyrant leeches
  132 slime creatures
  A blink frog (shapeshifter) (Depths:2)
  21 blink frogs
  68 saltlings
  5 hippogriffs
  8 bog bodies
  A meliai zombie (D:13)
  7 dream sheep
  4 redbacks (Gauntlet)
  An air elemental (Elf:1)
  16 spriggans
  5 shadows
  3 water elementals (Depths:2)
  5 wyverns
  15 wraiths
  A yak (shapeshifter) (Vaults:2)
  A tarantella (shapeshifter) (D:13)
  51 yaks
  5 vampires
  3 basilisks
  4 fire bats (Gauntlet)
  A steam dragon (D:9)
  A fire elemental (Elf:2)
  A hog (Swamp:3)
  A yaktaur simulacrum (Depths:2)
  Grum (D:11)
  26 vampire mosquitoes
  3 hungry ghosts
  9 wargs
  74 nagas
  21 insubstantial wisps
  6 soldier ants
  Menkaure (D:4)
  15 swamp worms
  5 acid dragons
  2 hydra simulacra (Depths:2)
  A floating eye (Depths:2)
  A water moccasin (shapeshifter) (Vaults:1)
  11 porcupines
  A spectral spriggan (Depths:2)
  11 water moccasins
  4 sky beasts
  4 spectral trolls (Depths:2)
  9 swamp drakes
  4 hell hounds
  2 alligator simulacra (IceCv)
  13 eyes of draining
  46 orc warriors
  16 ice beasts
  4 black bears
  A hornet zombie (D:9)
  An ice dragon simulacrum (Depths:1)
  8 boggarts
  22 ogres
  29 wolves
  22 centaurs
  2 phantoms
  3 big kobolds
  15 crocodiles
  20 bullfrogs
  A bullfrog (shapeshifter) (Elf:3)
  5 earth elementals
  A merfolk simulacrum (Depths:2)
  A gnoll sergeant (D:9)
  21 killer bees
  4 scorpions
  A spectral ogre (Depths:2)
  2 spectral nagas (Depths:2)
  5 electric eels (Snake:2)
  5 wights
  5 spectral centaurs (Depths:2)
  9 howler monkeys
  9 centaur zombies
  9 crimson imps
  3 draconian simulacra (IceCv)
  4 human simulacra
  7 hounds
  7 jellies
  15 orc priests
  2 bullfrog skeletons
  An iron imp (Depths:5)
  6 centaur skeletons
  Ijyb (D:5)
  3 iguanas
  29 orc wizards
  7 troll simulacra
  9 worker ants
  A polar bear simulacrum (IceCv)
  2 spriggan simulacra (IceCv)
  A killer bee zombie (D:6)
  A wolf simulacrum (IceCv)
  3 centaur simulacra (IceCv)
  A hound zombie (D:7)
  A hound skeleton (D:7)
  A howler monkey zombie (D:6)
  2 worker ant zombies
  5 gnolls (D:9)
  16 adders
  4 ogre simulacra (IceCv)
  3 naga simulacra (IceCv)
  3 river rats (Sewer)
  3 shadow imps
  13 white imps
  An ooze (D:5)
  An adder zombie (D:8)
  3 adder skeletons
  2 worms
  A ball lightning (Swamp:1)
  3 dart slugs
  8 leopard geckos
  89 orcs
  9 ball pythons
  8 bats
  16 giant cockroaches
  8 hobgoblins
  12 jackals
  43 kobolds
  7 quokkas
  3 frilled lizards
  A giant cockroach zombie (D:6)
  11 goblins
  A leopard gecko skeleton (D:9)
  A leopard gecko zombie (D:7)
  A quokka skeleton (D:6)
  31 rats
  A briar patch (Swamp:4)
  3 crawling corpses (Elf:3)
  2 fungi
  A plant (Depths:2)
2495 creatures vanquished.

Vanquished Creatures (collateral kills)
  An ancient lich (Depths:2)
  Saint Roka (Orc:2)
  2 thorn hunters (Swamp:4)
  A vault warden (Vaults:2)
  Louise (D:15)
  2 stone giants (Depths:1)
  A yaktaur captain (Vaults:2)
  3 hydras (Swamp:4)
  A dancing weapon (Elf:2)
  3 hell knights (Depths:1)
  A swamp dragon (Swamp:4)
  An ironbrand convoker (Vaults:2)
  A necromancer (Depths:1)
  2 harpies (Vaults:2)
  2 bog bodies (Swamp:4)
  A swamp drake (Swamp:4)
  2 orcs (Vaults:2)
26 creatures vanquished.

Vanquished Creatures (others)
  A spriggan berserker (Swamp:4)
  A deep elf mage (Vaults:3)
  2 humans (Swamp:3)
  8 fungi
  19 plants
  9 toadstools (Swamp:3)
40 creatures vanquished.

Grand Total: 2561 creatures vanquished

Notes
Turn   | Place    | Note
-------+----------+-------------------------------------------
     0 | D:1      | Mesmaeker13 the Centaur Hunter began the quest for the Orb.
     0 | D:1      | Reached XP level 1. HP: 17/17 MP: 1/1
   304 | D:1      | Reached XP level 2. HP: 15/24 MP: 2/2
   989 | D:1      | Reached XP level 3. HP: 25/30 MP: 3/3
  1524 | D:2      | Found a sparkling altar of Nemelex Xobeh.
  1526 | D:2      | Found a white marble altar of Elyvilon.
  1526 | D:2      | Found an ornate altar of the Wu Jian Council.
  1786 | D:2      | Reached XP level 4. HP: 37/37 MP: 4/4
  2270 | D:3      | Found a bloodstained altar of Trog.
  2413 | D:3      | Found a radiant altar of Vehumet.
  2511 | D:3      | Found a glowing drain.
  2537 | Sewer    | Entered a sewer
  2572 | Sewer    | Reached skill level 1 in Armour
  2995 | Sewer    | Noticed a big kobold
  3013 | Sewer    | Killed a big kobold
  3013 | Sewer    | Reached XP level 5. HP: 30/46 MP: 5/5
  4203 | D:3      | Reached XP level 6. HP: 44/52 MP: 6/6
  4858 | D:4      | Got a dazzling whip
  4859 | D:4      | Identified the +6 whip "Qyppod" {venom, rPois MR+ Dex+3}
                  | (You found it on level 4 of the Dungeon)
  4933 | D:4      | Noticed Menkaure
  4949 | D:4      | Killed Menkaure
  4972 | D:4      | Found a hazy altar of Hepliaklqana.
  5165 | D:4      | Found an iron altar of Okawaru.
  5232 | D:4      | Became a worshipper of Warmaster Okawaru
  5548 | D:5      | Entered Level 5 of the Dungeon
  5626 | D:5      | Noticed Ijyb
  5643 | D:5      | Killed Ijyb
  5643 | D:5      | Reached skill level 1 in Evocations
  5643 | D:5      | Reached XP level 7. HP: 58/60 MP: 7/7
  5995 | D:5      | Reached * piety under Okawaru
  5995 | D:5      | Reached skill level 5 in Fighting
  6189 | D:5      | Reached XP level 8. HP: 68/68 MP: 9/9
  6687 | D:6      | Found a stormy altar of Qazlal.
  6702 | D:6      | Reached skill level 1 in Invocations
  7546 | D:6      | Reached ** piety under Okawaru
  7794 | D:7      | Found an opulent altar of Gozag.
  7865 | D:7      | Found a glowing golden altar of the Shining One.
  8272 | D:7      | Found a snail-covered altar of Cheibriados.
  8389 | D:7      | Found a staircase to the Ecumenical Temple.
  9008 | D:8      | Reached skill level 1 in Maces & Flails
  9008 | D:8      | Reached XP level 9. HP: 75/75 MP: 11/11
  9352 | D:8      | Reached *** piety under Okawaru
  9586 | D:8      | Reached skill level 10 in Bows
  9761 | D:8      | Received a gift from Okawaru
 10461 | D:8      | Reached skill level 5 in Invocations
 10683 | D:8      | Reached skill level 5 in Armour
 10893 | D:8      | Paralysed by a hornet for 1 turns
 10896 | D:8      | Received a gift from Okawaru
 10905 | D:8      | Reached **** piety under Okawaru
 10905 | D:8      | Reached XP level 10. HP: 49/83 MP: 12/14
 11744 | D:9      | Noticed an eight-headed hydra
 12035 | D:9      | Reached skill level 5 in Evocations
 12518 | D:9      | Identified the Handbook of Supportive Malediction
 12911 | D:9      | Killed an eight-headed hydra
 12911 | D:9      | Received a gift from Okawaru
 12911 | D:9      | Reached ***** piety under Okawaru
 13013 | D:10     | Entered Level 10 of the Dungeon
 13502 | D:10     | Found a glowing golden altar of the Shining One.
 13534 | D:10     | Received a gift from Okawaru
 13952 | D:9      | Reached skill level 5 in Maces & Flails
 14684 | D:10     | Reached XP level 11. HP: 89/89 MP: 16/16
 15161 | D:10     | Received a gift from Okawaru
 15171 | D:10     | Got a translucent falchion
 15484 | D:10     | Found Licangid's Magic Scroll Shop.
 15492 | D:10     | Bought a scroll of identify for 28 gold pieces
 15492 | D:10     | Identified the cursed +1 falchion "Haiczeen" {freeze,
                  | Str+4} (You found it on level 10 of the Dungeon)
 15720 | D:11     | Noticed Grum
 15721 | D:11     | Killed Grum
 15736 | D:10     | Received a gift from Okawaru
 16009 | D:11     | Noticed an unseen horror
 16022 | D:11     | Killed an unseen horror
 16687 | D:11     | Received a gift from Okawaru
 17252 | D:11     | Gained mutation: Your body sometimes deteriorates upon
                  | taking damage. [a neqoxec]
 17254 | D:11     | Noticed a sun demon
 17664 | D:11     | Noticed Nergalle
 17685 | D:10     | Received a gift from Okawaru
 18137 | D:11     | Killed Nergalle
 18266 | D:11     | Found Iphotwef's Book Boutique.
 18338 | D:11     | Found a staircase to the Lair.
 18348 | D:11     | Found a staircase to the Orcish Mines.
 19420 | D:12     | Noticed an eight-headed hydra
 19528 | D:12     | Killed an eight-headed hydra
 19528 | D:12     | Reached XP level 12. HP: 96/96 MP: 18/18
 19714 | D:12     | Found a transporter.
 19787 | D:12     | Noticed Frances
 20193 | Lair:1   | Entered Level 1 of the Lair of Beasts
 20262 | Lair:1   | Noticed Gastronok
 20304 | Lair:1   | Killed Gastronok
 20304 | Lair:1   | Received a gift from Okawaru
 20304 | Lair:1   | Received a gift from Okawaru
 20308 | Lair:1   | Got an ancient centaur barding {god gift}
 20315 | Lair:1   | Identified the +3 centaur barding of Lyjum {rC- Str+4
                  | Int+5} (Okawaru gifted it to you on level 1 of the Lair of
                  | Beasts)
 20796 | Lair:1   | Noticed a seven-headed hydra
 20874 | Lair:1   | Killed a seven-headed hydra
 21106 | Lair:1   | Reached ****** piety under Okawaru
 21106 | Lair:1   | Reached skill level 10 in Invocations
 22115 | Lair:2   | Found a runed translucent door.
 22115 | Lair:2   | Noticed Ereth's ghost (journeyman HOFi)
 22576 | Lair:2   | Noticed a death yak
 22576 | Lair:2   | Noticed a death yak
 22576 | Lair:2   | Noticed a death yak
 22576 | Lair:2   | Noticed a death yak
 22620 | Lair:1   | Killed a death yak
 22712 | Lair:2   | Killed a death yak
 22958 | Lair:2   | Killed a death yak
 22970 | Lair:2   | Killed a death yak
 23885 | Lair:3   | Received a gift from Okawaru
 24124 | Lair:3   | Reached XP level 13. HP: 85/102 MP: 21/21
 24140 | Lair:3   | Received a gift from Okawaru
 24352 | Lair:3   | Reached skill level 5 in Dodging
 24805 | Lair:3   | Found a staircase to the Snake Pit.
 24985 | Lair:4   | Received a gift from Okawaru
 25106 | Lair:4   | Found a staircase to the Swamp.
 25366 | Lair:4   | Found a frozen archway.
 25409 | IceCv    | Entered an ice cave
 25421 | IceCv    | HP: 5/102 [alligator simulacrum (27)]
 27132 | IceCv    | Received a gift from Okawaru
 28700 | IceCv    | Found an ancient bone altar of Kikubaaqudgha.
 29667 | Lair:4   | Identified the Volume of Battle Magic and Sinister Magic
 30655 | Lair:5   | Found a runed translucent door.
 30959 | Lair:4   | Received a gift from Okawaru
 32708 | Lair:5   | Noticed an entropy weaver
 32758 | Lair:5   | Killed an entropy weaver
 32958 | Lair:5   | Received a gift from Okawaru
 32961 | Lair:5   | Got a smoking shield {god gift}
 33233 | Lair:5   | Reached XP level 14. HP: 99/113 MP: 23/23
 33378 | Lair:5   | Noticed an entropy weaver
 33845 | Lair:5   | Killed an entropy weaver
 34221 | Lair:5   | Identified the +3 leather armour of the Maze {rF+ rC+
                  | Slay+3}
 34221 | Lair:5   | Noticed an entropy weaver
 34244 | Lair:5   | Killed an entropy weaver
 34382 | Lair:5   | Noticed an entropy weaver
 34670 | Lair:6   | Entered Level 6 of the Lair of Beasts
 34698 | Lair:6   | Found a staircase to the Slime Pits.
 36428 | Lair:6   | Identified the +0 shield of a volcano {rF++ Regen+}
                  | (Okawaru gifted it to you on level 5 of the Lair of Beasts)
 37188 | Lair:6   | Received a gift from Okawaru
 38635 | Orc:1    | Entered Level 1 of the Orcish Mines
 39322 | Orc:2    | Entered Level 2 of the Orcish Mines
 39322 | Orc:2    | Noticed Maurice
 39397 | Orc:2    | Killed Maurice
 39973 | Orc:2    | Noticed an orc warlord
 40007 | Orc:2    | Killed an orc warlord
 40526 | Orc:2    | Found a roughly hewn altar of Beogh.
 40671 | Orc:2    | Found Cialuux's Antique Weapon Boutique.
 40681 | Orc:2    | Found Ezxybbo's Jewellery Boutique.
 40706 | Orc:2    | Found Wufagito's Antique Armour Boutique.
 40711 | Orc:2    | Found Zuc Mineeg's General Store.
 40792 | Orc:2    | Bought a scroll of blinking for 82 gold pieces
 40792 | Orc:2    | Bought a potion of heal wounds for 55 gold pieces
 40851 | Orc:2    | Reached skill level 10 in Evocations
 40893 | Orc:2    | Reached skill level 10 in Fighting
 40893 | Orc:2    | Reached XP level 15. HP: 126/126 MP: 24/24
 40921 | Orc:2    | Found a runed translucent gate.
 40921 | Orc:2    | Found a runed translucent gate.
 40921 | Orc:2    | Found a runed translucent gate.
 40926 | Orc:2    | Noticed Esekla's ghost (journeyman DEAK)
 40970 | Orc:2    | Killed Esekla's ghost
 40997 | Orc:2    | Got a flickering marble ring
 41013 | Orc:2    | Identified the ring of the Morning {rC+ Int+3 Stlth+} (You
                  | found it on level 2 of the Orcish Mines)
 41055 | Orc:2    | Noticed Saint Roka
 41311 | D:10     | Bought a scroll of summoning for 133 gold pieces
 41311 | D:10     | Bought a scroll of summoning for 133 gold pieces
 41519 | Orc:2    | Found a staircase to the Elven Halls.
 41807 | Orc:2    | Killed Saint Roka
 41807 | Orc:2    | Received a gift from Okawaru
 42091 | Orc:2    | Noticed Erolcha
 42111 | Orc:2    | Killed Erolcha
 42162 | Orc:2    | Found Aruiqaw's Antique Armour Boutique.
 42172 | Orc:2    | Bought an embroidered scarf for 224 gold pieces
 42172 | Orc:2    | Bought a polished scale mail for 252 gold pieces
 42442 | Orc:2    | Identified the cursed +1 scale mail of the Garden {-Cast
                  | *Corrode rN++ Stlth+} (You bought it in a shop on level 2
                  | of the Orcish Mines)
 42509 | Orc:2    | Bought a runed centaur barding for 598 gold pieces
 42509 | Orc:2    | Bought a heavily runed leather armour for 161 gold pieces
 42543 | Orc:2    | Identified the +0 leather armour of Feveeg {rPois} (You
                  | bought it in a shop on level 2 of the Orcish Mines)
 42567 | Orc:2    | Bought a +0 triple sword for 110 gold pieces
 43073 | D:12     | Killed Frances
 43217 | D:12     | Found a transporter.
 43220 | D:12     | Noticed Neel Ube's ghost (journeyman FoFi)
 43764 | D:13     | Found a gate to the Vaults.
 43826 | D:13     | Received a gift from Okawaru
 43834 | D:13     | Got a pair of crude gloves {god gift}
 43840 | D:13     | Identified the +1 pair of gloves "Nusippy" {MR++ Stlth+}
                  | (Okawaru gifted it to you on level 13 of the Dungeon)
 43932 | D:13     | Found a blossoming altar of Fedhas.
 44730 | Lair:1   | Learned a level 4 spell: Animate Dead
 45377 | D:14     | Found a shadowy altar of Dithmenos.
 45924 | D:15     | Entered Level 15 of the Dungeon
 45925 | D:15     | Found a gate leading to a gauntlet.
 45933 | D:15     | Identified a scroll of acquirement
 45946 | Gauntlet | Entered a Gauntlet
 45946 | Gauntlet | Found a transporter.
 45946 | Gauntlet | Found a transporter.
 45947 | Gauntlet | Found a transporter.
 45948 | Gauntlet | Found a transporter.
 45961 | Gauntlet | Found a transporter.
 45969 | Gauntlet | Found a transporter.
 45972 | Gauntlet | Found a transporter.
 45984 | Gauntlet | Found a transporter.
 46002 | Gauntlet | Found a transporter.
 46007 | Gauntlet | Found a transporter.
 46010 | Gauntlet | Found a transporter.
 46023 | Gauntlet | Found a transporter.
 46168 | Gauntlet | Received a gift from Okawaru
 46168 | Gauntlet | Reached skill level 15 in Bows
 46175 | Gauntlet | Got a steaming longbow {god gift}
 46176 | Gauntlet | Identified the +6 longbow of Bala {venom, *Contam rPois rN+
                  | Dex+6} (Okawaru gifted it to you in a Gauntlet)
 46288 | Gauntlet | Reached skill level 10 in Dodging
 46312 | Gauntlet | Got a shimmering leather armour
 46323 | Gauntlet | Identified the cursed +1 leather armour "Naloitamn" {rPois
                  | rCorr} (You found it in a Gauntlet)
 47066 | D:15     | Received a gift from Okawaru
 47111 | D:15     | Found a staircase to the Depths.
 47145 | D:15     | Noticed Louise
 47154 | D:15     | Reached XP level 16. HP: 119/138 MP: 25/25
 47173 | D:15     | Killed Louise
 47173 | D:15     | Reached skill level 1 in Necromancy
 47551 | D:15     | Identified Roxanne's Incunabulum of Transmigration
 47551 | D:15     | Noticed Roxanne
 47709 | D:15     | Noticed Josephine
 47740 | D:15     | Killed Josephine
 47792 | D:15     | Noticed Rupert
 47806 | D:15     | Killed Rupert
 48166 | D:15     | Killed Roxanne
 48429 | Swamp:1  | Entered Level 1 of the Swamp
 49256 | Swamp:1  | Found a transporter.
 49412 | Swamp:1  | Found a transporter.
 49864 | Swamp:1  | Got a scorched copper ring
 49866 | Swamp:1  | Identified the ring of a Thousand Queens {MR+ EV+4} (You
                  | found it on level 1 of the Swamp)
 49873 | Swamp:1  | Got a scorched bone amulet
 49876 | Swamp:1  | Identified the amulet "Qoefut Nedurph" {Faith Str+3} (You
                  | found it on level 1 of the Swamp)
 50079 | D:10     | Bought a scroll of brand weapon for 280 gold pieces
 50079 | D:10     | Bought a scroll of enchant weapon for 105 gold pieces
 50079 | D:10     | Bought a scroll of identify for 28 gold pieces
 50079 | D:10     | Bought a scroll of magic mapping for 49 gold pieces
 51549 | Swamp:3  | Noticed a thorn hunter
 51563 | Swamp:3  | Killed a thorn hunter
 51638 | Swamp:3  | Received a gift from Okawaru
 51845 | Swamp:3  | Learned a level 3 spell: Regeneration
 51986 | Swamp:3  | Noticed Kirke
 51992 | Swamp:3  | Killed Kirke
 51992 | Swamp:3  | Reached skill level 5 in Necromancy
 52007 | Swamp:3  | Received a gift from Okawaru
 52566 | Swamp:3  | Received a gift from Okawaru
 52831 | Swamp:4  | Entered Level 4 of the Swamp
 52835 | Swamp:4  | Reached XP level 17. HP: 139/148 MP: 26/26
 53249 | Swamp:4  | Received a gift from Okawaru
 53408 | Swamp:4  | Received a gift from Okawaru
 53479 | Swamp:4  | Got a decaying rune of Zot
 54046 | Snake:1  | Entered Level 1 of the Snake Pit
 54325 | Snake:1  | Found a runed translucent gate.
 54326 | Snake:1  | Found a runed translucent gate.
 54326 | Snake:1  | Found a runed translucent gate.
 54397 | Snake:1  | Noticed Minnurau's ghost (adept VSEE)
 55186 | Snake:1  | Killed Minnurau's ghost
 55235 | Snake:1  | Got a warped platinum ring
 55242 | Snake:1  | Identified the ring "Guudur" {Str+3 Slay+2} (You found it
                  | on level 1 of the Snake Pit)
 55553 | Snake:2  | Received a gift from Okawaru
 55563 | Snake:2  | Got a polished ring mail {god gift}
 55575 | Snake:2  | Identified the +5 ring mail "Gots" {Str+7 Int-5 Dex-2}
                  | (Okawaru gifted it to you on level 2 of the Snake Pit)
 55664 | Snake:2  | You fall into a shaft and drop 1 floor!
 55728 | Snake:3  | Noticed Asterion
 55940 | Snake:2  | Reached XP level 18. HP: 159/159 MP: 27/27
 57161 | Snake:3  | Found the +2 robe of Vines {NoPotionHeal Regen+7}
 57370 | Snake:3  | Killed Asterion
 57436 | Snake:3  | Found an iron altar of Okawaru.
 57661 | Snake:4  | Entered Level 4 of the Snake Pit
 57764 | Snake:3  | Reached skill level 1 in Charms
 57853 | Snake:4  | Received a gift from Okawaru
 58231 | Snake:4  | Received a gift from Okawaru
 58436 | Snake:4  | Found Lyix's General Store.
 58436 | Snake:4  | Found Cueriph's Antique Weapon Emporium.
 58439 | Snake:4  | Found Gioqulof's Distillery.
 58440 | Snake:4  | Found Parhe's Antique Armour Shoppe.
 60082 | Snake:4  | Noticed Vashnia
 60093 | Snake:4  | Killed Vashnia
 60451 | Snake:4  | Got a serpentine rune of Zot
 61169 | Elf:1    | Entered Level 1 of the Elven Halls
 61421 | Elf:1    | Reached skill level 1 in Long Blades
 61421 | Elf:1    | Reached XP level 19. HP: 124/169 MP: 28/28
 61654 | Elf:1    | Reached skill level 15 in Fighting
 61703 | Elf:1    | Found a portal to a secret trove of treasure.
 61904 | Elf:1    | Received a gift from Okawaru
 61979 | Elf:1    | Reached skill level 5 in Charms
 62371 | Elf:2    | Noticed Nikola
 62809 | Elf:2    | Noticed a Brimstone Fiend
 62822 | Elf:1    | Killed Nikola
 63023 | Elf:2    | Found a radiant altar of Vehumet.
 63081 | Elf:2    | Found a large runed translucent door.
 63081 | Elf:2    | Found a large runed translucent door.
 63121 | Elf:2    | Found a large runed translucent door.
 63121 | Elf:2    | Found a large runed translucent door.
 63182 | Elf:2    | Identified the Disquisition on the Entourage
 63427 | Elf:2    | Noticed Donald
 63448 | Elf:2    | Killed Donald
 63797 | Elf:2    | Reached skill level 5 in Long Blades
 64084 | Elf:3    | Entered Level 3 of the Elven Halls
 64114 | Elf:3    | Found Xisyike's Armour Shop.
 64566 | Elf:3    | Received a gift from Okawaru
 64569 | Elf:3    | Got a scorched shortbow {god gift}
 64571 | Elf:3    | Identified the +7 shortbow of Luiwiargh {velocity, +Blink
                  | rPois rF-} (Okawaru gifted it to you on level 3 of the
                  | Elven Halls)
 65218 | Elf:3    | Was placed under penance by Okawaru
 65334 | Elf:3    | Identified the +10 glaive "Medel" {drain, Fragile +Rage
                  | rC+}
 65406 | Elf:3    | Was forgiven by Okawaru
 65459 | Elf:3    | Received a gift from Okawaru
 65459 | Elf:3    | Reached XP level 20. HP: 129/178 MP: 29/29
 65593 | Elf:3    | Reached skill level 10 in Long Blades
 65641 | Elf:3    | Identified the ring "Kuhud" {rPois SInv}
 65984 | Elf:3    | Identified the +4 eveningstar of Bakoghec {crush, rElec
                  | SInv}
 66328 | Elf:3    | Identified the Guide on Snow and Summoning
 66658 | Depths:1 | Entered Level 1 of the Depths
 67166 | D:15     | Received a gift from Okawaru
 67343 | Depths:1 | Found a one-way gate leading to the halls of Pandemonium.
 67407 | Depths:1 | Received a gift from Okawaru
 67629 | Depths:1 | Received a gift from Okawaru
 67952 | Depths:1 | Received a gift from Okawaru
 67956 | Depths:1 | Got a shimmering scale mail {god gift}
 67958 | Depths:1 | Identified the +0 scale mail of Perpetual Drought {Dex+8}
                  | (Okawaru gifted it to you on level 1 of the Depths)
 68111 | Depths:1 | Found a one-way gate to the infinite horrors of the Abyss.
 68137 | Depths:1 | Found Ammecre's Island Escapes.
 68144 | Depths:1 | Found a shattered altar of Ashenzari.
 68518 | Depths:1 | Found a gateway to Hell.
 70147 | Depths:2 | Got a pitted scale mail
 70148 | Depths:2 | Identified the cursed +1 scale mail "Hefetach" {rC+ Dex+2}
                  | (You found it on level 2 of the Depths)
 70316 | Depths:2 | Noticed an ancient lich
 70323 | Depths:2 | Killed an ancient lich
 70323 | Depths:2 | Reached XP level 21. HP: 184/184 MP: 30/30
 70493 | Depths:2 | Reached skill level 15 in Long Blades
 70857 | Depths:2 | Found a gateway to a ziggurat.
 71404 | Depths:2 | Reached XP level 22. HP: 192/192 MP: 31/31
 71829 | Depths:3 | Received a gift from Okawaru
 71842 | Depths:3 | Found a runed translucent door.
 72610 | Depths:3 | Received a gift from Okawaru
 72867 | Depths:3 | Noticed a juggernaut
 72909 | Depths:3 | Killed a juggernaut
 73369 | Depths:3 | Received a gift from Okawaru
 73746 | Depths:3 | Reached skill level 10 in Armour
 74261 | Depths:4 | Received a gift from Okawaru
 74264 | Depths:4 | Got a translucent longbow {god gift}
 74268 | Depths:4 | Identified the +1 longbow of Evil {flame, Int+4} (Okawaru
                  | gifted it to you on level 4 of the Depths)
 74274 | Depths:4 | Got a transparent jade ring
 74275 | Depths:4 | Identified the ring of Atheism {rC+ Str+5 Int+3 Dex+4} (You
                  | acquired it on level 4 of the Depths)
 74494 | Depths:4 | Reached XP level 23. HP: 199/199 MP: 32/32
 75096 | Depths:4 | Received a gift from Okawaru
 75835 | Depths:5 | Entered Level 5 of the Depths
 76755 | Depths:5 | Found a runed translucent door.
 76755 | Depths:5 | Noticed a juggernaut
 76755 | Depths:5 | Noticed a caustic shrike
 77101 | Depths:5 | Received a gift from Okawaru
 77196 | Depths:5 | Found a gate to the Realm of Zot.
 77961 | Depths:5 | Killed a caustic shrike
 77975 | Depths:5 | Killed a juggernaut
 77975 | Depths:5 | Received a gift from Okawaru
 78007 | Depths:5 | Reached XP level 24. HP: 143/206 MP: 32/32
 78314 | Vaults:1 | Entered Level 1 of the Vaults
 78639 | Vaults:1 | Found Sixzie's Distillery.
 78781 | Vaults:1 | Found a ruined gateway.
 78799 | Desolati | Entered the Desolation of Salt
 78955 | Desolati | Received a gift from Okawaru
 79597 | Desolati | Received a gift from Okawaru
 79696 | Desolati | Got a sparkling lead amulet
 79699 | Desolati | Identified the amulet "Lufetwo" {RegenMP rPois rC+ Str-3
                  | SInv} (You found it in the Desolation of Salt)
 79975 | Desolati | Received a gift from Okawaru
 80318 | Desolati | Received a gift from Okawaru
 80428 | Desolati | Got a serpentine wooden ring
 80433 | Desolati | Got a slimy emerald amulet
 80435 | Desolati | Got a vibrating bronze ring
 80463 | Desolati | Got a fine great sword
 80772 | Desolati | Got a smoking golden ring
 80793 | Desolati | Found the +7 Kryia's mail coat {PotionHeal*2 rC+}
 81045 | Vaults:1 | Received a gift from Okawaru
 81057 | Vaults:1 | Identified the ring "Meithris" {Wiz rC++ Int+3} (You found
                  | it in the Desolation of Salt)
 81059 | Vaults:1 | Identified the ring of Peace {Wiz rN+ MR- Int+3} (You found
                  | it in the Desolation of Salt)
 81072 | Vaults:1 | Identified the amulet of Knowledge {RegenMP rPois Dex+4}
                  | (You found it in the Desolation of Salt)
 81076 | Vaults:1 | Identified the ring "Ipi Vium" {rElec rPois rF+ Int-4
                  | Dex+4} (You found it in the Desolation of Salt)
 81627 | Vaults:2 | Received a gift from Okawaru
 82777 | Vaults:2 | Noticed Sojobo
 82853 | Vaults:2 | Killed Sojobo
 83265 | Vaults:3 | Received a gift from Okawaru
 83595 | Vaults:3 | Received a gift from Okawaru
 83851 | Vaults:3 | Found a flickering gateway to a bazaar.
 83861 | Bazaar   | Entered a bazaar
 83864 | Bazaar   | Found Sotekh's Magic Scroll Emporium.
 83872 | Bazaar   | Bought a scroll of identify for 22 gold pieces
 83872 | Bazaar   | Bought a scroll of identify for 22 gold pieces
 83873 | Bazaar   | Identified the +0 great sword "Mararcho" {venom, Dex+2}
                  | (You found it in the Desolation of Salt)
 83890 | Bazaar   | Found Jatic's Food Emporium.
 83900 | Bazaar   | Found Qongelec's General Store.
 83911 | Bazaar   | Found Saidudiu's Distillery.
 83917 | Bazaar   | Bought a potion of heal wounds for 50 gold pieces
 83917 | Bazaar   | Bought a potion of resistance for 100 gold pieces
 83917 | Bazaar   | Bought 2 potions of heal wounds for 100 gold pieces
 83952 | Bazaar   | Bought a scroll of magic mapping for 38 gold pieces
 83952 | Bazaar   | Bought a scroll of magic mapping for 38 gold pieces
 84191 | Vaults:3 | Reached XP level 25. HP: 155/216 MP: 32/32
 84335 | Vaults:3 | Got a steaming broad axe
 85265 | Vaults:3 | Found an ancient bone altar of Kikubaaqudgha.
 85344 | Vaults:3 | Found a staircase to the Crypt.
 85344 | Vaults:3 | Found a basalt altar of Yredelemnul.
 85366 | Vaults:3 | Received a gift from Okawaru
 85888 | Vaults:4 | Found Nikoorr's Magic Scroll Shop.
 86077 | Vaults:4 | Reached skill level 15 in Armour
 87066 | Vaults:4 | Got a faintly glowing quarterstaff
 87190 | Vaults:4 | Identified the cursed +1 broad axe of the Brain {flame, rF+
                  | rC- Str+2} (You found it on level 3 of the Vaults)
 87193 | Vaults:4 | Identified the +4 quarterstaff of Saschaon {venom, *Rage
                  | Int+9} (You found it on level 4 of the Vaults)
 87540 | Slime:1  | Entered Level 1 of the Pits of Slime
 88232 | Slime:2  | Gained mutation: You are dopey. (Int -2) [a shining eye]
 88240 | Slime:2  | Gained mutation: You are partially covered in slimy green
                  | scales. (AC +2) [a shining eye]
 88539 | Slime:2  | Gained mutation: Potions are less effective at restoring
                  | your health. [a shining eye]
 88629 | Slime:2  | Gained mutation: Your magical capacity is low. (-10% MP) [a
                  | shining eye]
 88631 | Slime:2  | Gained mutation: You tend to lose your temper in combat. [a
                  | shining eye]
 88637 | Slime:2  | Reached XP level 26. HP: 228/228 MP: 29/29
 88790 | Slime:3  | Gained mutation: Your magical capacity is very low. (-20%
                  | MP) [a shining eye]
 88987 | Slime:5  | Entered Level 5 of the Pits of Slime
 89003 | Slime:5  | Gained mutation: You often lose your temper in combat. [a
                  | shining eye]
 89137 | Slime:4  | Gained mutation: You have an uncontrollable temper. [a
                  | shining eye]
 89138 | Slime:4  | Lost mutation: Your magical capacity is very low. (-20% MP)
                  | [a shining eye]
 89305 | Slime:5  | Found a viscous altar of Jiyva.
 89306 | Slime:5  | Noticed the Royal Jelly
 90304 | Slime:3  | Received a gift from Okawaru
 90310 | Slime:3  | Got a pair of spiked gloves {god gift}
 90363 | Slime:4  | Gained mutation: You occasionally shout uncontrollably at
                  | your foes. [a shining eye]
 90369 | Slime:4  | Gained mutation: Your magical capacity is very low. (-20%
                  | MP) [a shining eye]
 90370 | Slime:4  | Gained mutation: Your magical capacity is extremely low.
                  | (-30% MP) [a shining eye]
 90454 | Slime:4  | Gained mutation: Your body often deteriorates upon taking
                  | damage. [a shining eye]
 91182 | Slime:5  | Gained mutation: Scrolls take you a little longer to read.
                  | [a shining eye]
 91222 | Slime:4  | Gained mutation: You are frail. (-10% HP) [a shining eye]
 93988 | Slime:5  | Killed the Royal Jelly
 93988 | Slime:5  | Reached XP level 27. HP: 102/214 MP: 21/23
 94438 | Slime:5  | Got a slimy rune of Zot
 94489 | Slime:5  | Identified Zaedavic's Collected Works on the Boosting
                  | Voyage
 94502 | Slime:5  | Learned a level 3 spell: Portal Projectile
 95020 | Lair:1   | Identified the +2 pair of gloves of Okawaru's Castigation
                  | {rC++ rCorr} (Okawaru gifted it to you on level 3 of the
                  | Pits of Slime)
 95111 | Elf:1    | You showed the slimy rune of Zot to enter a treasure trove
 95112 | Trove    | Entered a treasure trove
 95115 | Trove    | Found the +3 robe of Folly {Archmagi, MR-- Int+5}
 95115 | Trove    | Found the +10 Black Knight's horse barding {ponderous,
                  | rPois rN+}
 95116 | Trove    | Found the +0 Maxwell's etheric cage {RegenMP+ *Contam rElec
                  | MP+4}
 95117 | Trove    | Got a faintly glowing helmet
 95137 | Trove    | Identified the +1 helmet of Dawn {Dex+6 Stlth-} (You found
                  | it in a treasure trove)
 95176 | Trove    | Got a ruby-encrusted scale mail
 95187 | Trove    | Identified the +3 scale mail of Huatt {rPois rC+} (You
                  | found it in a treasure trove)
 95225 | Trove    | Got a spiked scale mail
 95228 | Trove    | Identified the +1 scale mail "Sumetusm" {Str+3} (You found
                  | it in a treasure trove)
 95524 | Zot:1    | Entered Level 1 of the Realm of Zot
 95524 | Zot:1    | Identified the +4 dragonskin cloak
 95524 | Zot:1    | Noticed Tiamat
 95536 | Depths:5 | Reached skill level 1 in Hexes
 95536 | Depths:5 | Reached skill level 1 in Translocations
 95673 | Depths:5 | Lost mutation: You are frail. (-10% HP) [potion of
                  | mutation]
 95673 | Depths:5 | Lost mutation: Your body often deteriorates upon taking
                  | damage. [potion of mutation]
 95673 | Depths:5 | Lost mutation: You are dopey. (Int -2) [potion of mutation]
 95673 | Depths:5 | Lost mutation: Your magical capacity is extremely low.
                  | (-30% MP) [potion of mutation]
 95673 | Depths:5 | Gained mutation: You are resistant to electric shocks.
                  | (rElec) [potion of mutation]
 95854 | Lair:1   | Lost mutation: You are partially covered in slimy green
                  | scales. (AC +2) [potion of mutation]
 95854 | Lair:1   | Lost mutation: You occasionally shout uncontrollably at
                  | your foes. [potion of mutation]
 95854 | Lair:1   | Lost mutation: Your body sometimes deteriorates upon taking
                  | damage. [potion of mutation]
 95854 | Lair:1   | Lost mutation: You have an uncontrollable temper. [potion
                  | of mutation]
 95854 | Lair:1   | Gained mutation: You are covered in fur. (AC +1) [potion of
                  | mutation]
 95854 | Lair:1   | Gained mutation: You are robust. (+10% HP) [potion of
                  | mutation]
 95855 | Lair:1   | Lost mutation: You often lose your temper in combat.
                  | [potion of mutation]
 95855 | Lair:1   | Lost mutation: Your magical capacity is very low. (-20% MP)
                  | [potion of mutation]
 95855 | Lair:1   | Lost mutation: Your magical capacity is low. (-10% MP)
                  | [potion of mutation]
 95855 | Lair:1   | Gained mutation: Your magical capacity is low. (-10% MP)
                  | [potion of mutation]
 95855 | Lair:1   | Lost mutation: You tend to lose your temper in combat.
                  | [potion of mutation]
 96136 | Zot:1    | HP: 13/279 [storm dragon (5)]
 96139 | Zot:1    | HP: 1/279 [shadow dragon (14)]
 96139 | Zot:1    | Slain by a shadow dragon

Levels and vault maps discovered:
D:1:      lemuel_arrival_lava_pool, layout_loops_ring,
          minmay_misc_feat_more_columns
D:2:      layout_basic, grunt_temple_overflow_diamond, grunt_ministairs_5
D:3:      layout_basic, vehumet_crystals, marbit_many_paths,
          portal_sewer_entry_f, first_ration
D:4:      layout_loops_cross, nicolae_overflow_crystal_walls,
          okawaru_metal_pillars_1_2, uniq_menkaure
D:5:      layout_rooms, uniq_ijyb
D:6:      layout_rooms, grunt_qazlal_clouds, st_stairs_6
D:7:      layout_gridville, grunt_gozag_breadcrumbs, old_standard_altar,
          temple_hall, chei_slow_surprise
D:8:      layout_loops_ring, hangedman_pestilent_swarm, minmay_fractal_squares_5
D:9:      layout_basic, enter_bailey_3, minmay_shattered_shrine
D:10:     layout_gridville, serial_shops, shop, tso_altar
D:11:     layout_cross, lair_entry_dummy, orc_0_dummy, serial_shops, shop,
          uniq_nergalle, uniq_grum
D:12:     layout_roguey, gammafunk_ghost_berserking_beasts, uniq_frances
D:13:     layout_roguey, erik_vaults_2, basic_altar
D:14:     layout_stronghold, nicolae_dithmenos_shadow_blocks, evilmike_minifort
D:15:     grunt_enter_depths_hoard, layout_long_grid, nrook_mini_vaults,
          gauntlet_entry_generic, uniq_louise, uniq_rupert, uniq_roxanne,
          uniq_josephine
Lair:1:   layout_cave_pods, st_stairs_11, lemuel_fruit_fields, uniq_gastronok
Lair:2:   layout_roguey, gammafunk_ghost_grave
Lair:3:   layout_layer_cave, minmay_snake_entry_guardpost_medium,
          grunt_forest_small_clearings, bh_autumn_forest_stairs
Lair:4:   layout_big_grid, swamp_mist, portal_ice_cave_entry_pillars_2,
          chequers_serial_rivers_micro_e, grunt_megastairs_3
Lair:5:   gammafunk_mikee_crab_dinner, layout_regular_city,
          infiniplex_staircase_pool, grunt_megastairs_1
Lair:6:   minmay_lair_end_enchanted_forest, layout_cave_shapes,
          minmay_slime_entry_oklob_open, lemuel_fruit_tree
Swamp:1:  gammafunk_its_a_trap, layout_falls_marsh, evilmike_swamp_ruin_rubble_2
Swamp:2:  layout_basic_swamp, hangedman_swamp_ruin_hall, swamp_pool5
Swamp:3:  cheibrodos_swamp_tower_of_moss, layout_falls_marsh,
          hangedman_swamp_lotus, infiniplex_staircase_pool_2, uniq_kirke
Swamp:4:  swamp_basic_johnstein, layout_basic_swamp, swamp_pool3
Snake:1:  layout_layer_cave, gammafunk_ghost_split
Snake:2:  layout_basic
Snake:3:  layout_gridlike, basic_altar, fake_guardian_serpent_vault,
          uniq_asterion
Snake:4:  johnstein_snake_rune_scales, layout_layer_cave, minmay_shoptagon
Slime:1:  layout_caves
Slime:2:  layout_caves, nicolae_slime_round_cave
Slime:3:  layout_caves
Slime:4:  layout_caves
Slime:5
Orc:1:    nicolae_orc_accident_3, layout_caves, nicolae_orc_rockfall
Orc:2:    grunt_orc_cross, layout_diamond_mine, ebering_ghost_rock_garden,
          serial_shops, shop, uniq_maurice, uniq_erolcha, uniq_saint_roka
Elf:1:    layout_geoelf_diagonals, nicolae_trove_entry_free_sample,
          minivault_28, drop_trap
Elf:2:    layout_rooms, basic_altar, drop_trap, minmay_elf_demonology,
          uniq_donald, uniq_nikola
Elf:3:    minmay_elf_hall_spiked, layout_gridlike, serial_shops, shop
Vaults:1: vaults_room_pool, v_misc_5, v_misc_1, ontoclasm_vaults_hangar,
          ontoclasm_vaults_eye, nicolae_vaults_mini_display_case,
          vaults_room_octagon, v_misc_25, hangedman_vaults_stagger,
          v_alt_pattern_1, v_misc_8, ontoclasm_vaults_ring_square,
          layout_vaults_omnibox, portal_desolation_entry_nicolae_nacl,
          serial_shops, shop
Vaults:2: vaults_dpeg_encased_lava, nicolae_vaults_little_squares_2,
          vaults_dpeg_hooks, ontoclasm_vaults_loading_screen,
          vaults_room_corners, ontoclasm_vaults_gateway, vaults_dpeg_ring,
          hangedman_vaults_locks, v_misc_29,
          hangedman_vaults_stretched_pinwheel, sword_in_stone,
          layout_vaults_ring
Vaults:3: minmay_crypt_entry_necro_gods, vaults_room_stairs_pillars,
          nicolae_vaults_network_square, v_misc_5, v_misc_5,
          vaults_room_semicircle, nicolae_vaults_theta,
          nicolae_vaults_network_s, v_misc_5,
          vaults_room_grunt_arrival_checkpoint, nicolae_vaults_murderbox,
          serial_ice_h, layout_vaults_big_cross, serial_shops, bzr_entry_islet
Vaults:4: vaults_mumra_chevron, v_misc_27, grunt_vaults_hallway_long, v_misc_9,
          nicolae_vaults_ring_of_whatevers, ontoclasm_vaults_fault,
          nicolae_vaults_little_squares_2, layout_vaults_chaotic_city,
          serial_shops, shop
Depths:1: layout_forbidden_donut, hellmouth_1, ashenzari_altar_1, pan_entry,
          abyss_entry, nicolae_island_escapes
Depths:2: lemuel_river_lethe, hell_entry
Depths:3: minmay_the_grid_plus [minmay_the_grid_holed_spiral,
          minmay_the_grid_square_x, minmay_the_grid_tiny_cups,
          minmay_the_grid_minigrid_small, minmay_the_grid_prize_big_room],
          layout_gridville, hell_entry, rand_demon_pan_entry_7, serial_sigils,
          serial_sigils_hangedman_carve, serial_sigils_hangedman_confine,
          serial_sigils_hangedman_scar, serial_sigils_hangedman_gut,
          hangedman_abyss_or_decor_lesser_grid, special_room
          [special_room_mythical_zoo], minmay_acid_items, uniq_sojobo
Depths:4: kennysheep_green_arena, layout_honeycomb, abyss_entry, minmay_holes,
          pf_hell_entry_great_geh, grunt_decor_arrowhead, grunt_ministairs_6,
          kennysheep_generic_room_4
Depths:5: grunt_zot_entry_tricorne, layout_basic, hell_entry,
          rand_demon_pan_entry_3, minmay_hidden_floor
Zot:1:    layout_misc_corridors, evilmike_ambush [evilmike_ambush_outer_basic,
          evilmike_ambush_inner_pond], uniq_tiamat

Skill      XL: |  1  2  3  4  5  6  7  8  9 10 11 12 13 14 15 16 17 18 19 20 21 22 23 24 25 26 27 |
---------------+----------------------------------------------------------------------------------+-----
Dodging        | 2 4 7 9 10 11 12 13 | 13.0
Bows           | 6 7 8 9 10 11 13 14 15 16 18 19 20 | 20.0
Fighting       | 3 4 5 6 7 10 11 12 13 14 15 17 18 | 18.4
Armour         | 1 2 3 4 5 6 7 8 10 12 14 15 16 | 16.3
Evocations     | 1 2 3 4 5 7 10 11 | 11.2
Invocations    | 3 5 7 9 11 13 | 13.2
Maces & Flails | 1 3 5 |  5.1
Necromancy     | 5 7 8 |  8.5
Charms         | 4 5 |  5.0
Long Blades    | 1 9 14 15 17 19 20 | 20.0
Spellcasting   | 3 |  3.6
Hexes          | 2 |  2.0
Translocations | 2 |  2.0
Stealth        | |  0.4

Action                   |  1- 3 |  4- 6 |  7- 9 | 10-12 | 13-15 | 16-18 | 19-21 | 22-24 | 25-27 || total
-------------------------+-------+-------+-------+-------+-------+-------+-------+-------+-------++-------
Melee: Short sword       |   128 |       |       |       |       |       |       |       |       ||   128
       Kick              |    22 |    30 |    86 |   125 |   188 |    22 |    55 |    47 |   144 ||   719
       Hand axe          |     5 |    96 |       |       |       |       |       |       |       ||   101
       Dagger            |       |    18 |       |       |       |       |       |       |       ||    18
       Whip              |       |    29 |   312 |   410 |   480 |    50 |       |       |       ||  1281
       Punch             |       |       |       |     5 |     7 |       |       |       |       ||    12
       Unarmed           |       |       |       |       |     1 |       |       |       |       ||     1
       Longbow           |       |       |       |       |     2 |       |       |       |       ||     2
       Triple sword      |       |       |       |       |       |       |   109 |   113 |   214 ||   436
 Fire: Shortbow          |    11 |    76 |    66 |   787 |  1384 |       |       |       |       ||  2324
       Longbow           |       |       |       |       |   443 |  1373 |  1158 |  1890 |   908 ||  5772
Throw: Dart              |       |       |       |     8 |    20 |       |       |       |       ||    28
 Cast: Animate Dead      |       |       |       |       |       |     1 |     6 |     4 |       ||    11
       Regeneration      |       |       |       |       |       |     1 |     6 |     4 |       ||    11
Invok: Heroism           |       |       |       |     9 |    18 |     2 |     5 |     1 |       ||    35
       Finesse           |       |       |       |       |       |     1 |     5 |     8 |     8 ||    22
Evoke: Wand              |       |       |     4 |    10 |    58 |    41 |    14 |    50 |    10 ||   187
       Sack of spiders   |       |       |       |       |       |     6 |     1 |       |       ||     7
       Lamp of fire      |       |       |       |       |       |       |     1 |     5 |     4 ||    10
       Phantom mirror    |       |       |       |       |       |       |     1 |     1 |     1 ||     3
  Use: Scroll            |       |     9 |     7 |    15 |    19 |    24 |    14 |    15 |    17 ||   120
       Potion            |       |       |     3 |     2 |    13 |     4 |     9 |    13 |    18 ||    62
 Stab: Sleeping          |       |       |     1 |       |     2 |       |       |       |       ||     3
       Paralysed         |       |       |       |     5 |       |       |       |       |       ||     5
       Distracted        |       |       |       |       |       |       |     1 |     2 |       ||     3
  Eat: Chunk             |     2 |    10 |    15 |    14 |    21 |    12 |    15 |    22 |     3 ||   114
       Ration            |       |       |       |     6 |    13 |     6 |     4 |     4 |     8 ||    41
Armor: Leather armour    |    51 |       |       |       |   131 |   101 |   168 |   209 |   254 ||   914
       Robe              |     4 |   101 |   113 |    23 |   232 |       |       |       |       ||   473
       Skin              |       |       |    31 |     8 |       |       |       |       |       ||    39
       Chain mail        |       |       |       |   230 |    85 |       |       |       |       ||   315
       Fire dragon scale |       |       |       |       |       |       |       |       |    51 ||    51
Dodge: Dodged            |    71 |   110 |   186 |   205 |   499 |   340 |   527 |   436 |   410 ||  2784
       Deflected         |       |       |       |       |     7 |    52 |    49 |    72 |    46 ||   226
       Rpst.: Triple sword |       |       |       |       |       |       |    40 |    11 |    63 ||   114
